 Dungeon Crawl Stone Soup version 0.24-a0-275-g6f7e2cb (webtiles) character file.

Game seed: 12585940667783440158

778 Gorice the Magician (level 7, -3/51 HPs)
             Began as a Gnoll Wizard on Apr 27, 2019.
             Slain by a centaur (8 damage)
             ... on level 5 of the Dungeon.
             The game lasted 00:19:37 (4588 turns).

Gorice the Magician (Gnoll Wizard)                  Turns: 4588, Time: 00:19:38

Health: -3/51      AC:  3    Str: 10    XL:     7   Next: 85%
Magic:  2/18       EV: 14    Int: 22    God:
Gold:   253        SH:  0    Dex: 13    Spells: 10/21 levels left

rFire    . . .     SeeInvis .   a - +0 whip
rCold    . . .     Gourm    .   (no shield)
rNeg     . . .     Faith    .   k - +0 robe
rPois    .         Spirit   .   b - +0 hat
rElec    .         Reflect  .   (no cloak)
rCorr    +         Harm     .   (no gloves)
MR       .....     Rnd*Tele +   l - +0 pair of boots
Stlth    +++.......             (no amulet)
HPRegen  0.17/turn              C - ring of resist corrosion
MPRegen  0.16/turn              t - ring of teleportation (curse)

@: lightly drained
A: distributed training, fangs 1, strong nose
a: no special abilities


You were on level 5 of the Dungeon.
You were hungry.

You visited 1 branch of the dungeon, and saw 5 of its levels.

You collected 253 gold pieces.

Inventory:

Hand Weapons
 a - a +0 whip (weapon)
Missiles
 Y - 265 stones (quivered)
 Z - a throwing net {!f}
Armour
 b - a +0 hat (worn)
 f - a +0 ring mail
 k - a +0 robe (worn)
 l - a +0 pair of boots (worn)
 m - a +2 buckler
 n - a +0 plate armour
Jewellery
 t - a cursed ring of teleportation (right hand)
 w - an uncursed amulet of harm
 C - a ring of resist corrosion (left hand)
 I - an uncursed ring of ice
Scrolls
 j - 5 scrolls of remove curse
 p - a scroll of amnesia
 q - 4 scrolls of teleportation {!r}
Potions
 c - a potion of mutation {!q}
 g - a potion of invisibility {!q}
 h - a potion of might {!q}
 i - a potion of curing
 o - a potion of agility {!q}
 r - a potion of brilliance {unknown}
 s - a potion of haste {unknown}
 v - a potion of flight {unknown}
Comestibles
 d - 12 rations


   Skills:
 + Level 2.7(2.4) Fighting
 + Level 2.7(2.4) Short Blades
 + Level 2.7(2.4) Long Blades
 + Level 2.7(2.4) Axes
 + Level 2.7(2.4) Maces & Flails
 + Level 2.7(2.4) Polearms
 + Level 2.7(2.4) Staves
 + Level 2.7(2.4) Slings
 + Level 2.7(2.4) Bows
 + Level 2.7(2.4) Crossbows
 + Level 2.7(2.4) Throwing
 + Level 2.7(2.4) Armour
 + Level 5.3(5.0) Dodging
 + Level 5.0(4.7) Stealth
 + Level 2.7(2.4) Shields
 + Level 2.7(2.4) Unarmed Combat
 + Level 7.7(7.3) Spellcasting
 + Level 3.1(2.8) Conjurations
 + Level 2.2(1.9) Hexes
 + Level 2.2(1.9) Charms
 + Level 3.1(2.8) Summonings
 + Level 2.2(1.9) Necromancy
 + Level 3.1(2.8) Translocations
 + Level 2.2(1.9) Transmutations
 + Level 2.2(1.9) Fire Magic
 + Level 2.2(1.9) Ice Magic
 + Level 2.2(1.9) Air Magic
 + Level 2.2(1.9) Earth Magic
 + Level 2.2(1.9) Poison Magic
 + Level 3.0(2.7) Invocations
 + Level 2.7(2.4) Evocations


You had 10 spell levels left.
You knew the following spells:

 Your Spells              Type           Power        Failure   Level  Hunger
a - Magic Dart            Conj           ###.         2%          1    None
c - Conjure Flame         Conj/Fire      ###.....     9%          3    None
e - Mephitic Cloud        Conj/Pois/Air  ###.....     10%         3    None
i - Call Imp              Summ           ###.....     3%          2    None
J - Blink                 Tloc           N/A          3%          2    None

Your spell library contained the following spells:

 Spells                   Type           Power        Failure   Level  Hunger
 Slow                     Hex            ###.....     5%          2    None


Dungeon Overview and Level Annotations

Branches:
Dungeon (5/15)
 Temple: D:4-7

Altars:
Dithmenos
Fedhas
Kikubaaqudgha
Makhleb
Nemelex Xobeh
Okawaru
Trog
Vehumet
Xom

Annotations:
D:5 2 transporters, Goblin's ghost, novice DrAE


Innate Abilities, Weirdness & Mutations

Your experience applies equally to all skills.
You have very sharp teeth.
Your uncanny sense of smell can sniff out nearby items.


Message History

Aiming: Magic Dart (safe; 2% risk of failure)
Press: ? - help, Shift-Dir - straight line, f/p - centaur
Aim: a centaur, wielding a +0 shortbow (noxious fumes, heavily wounded, confused)
The magic dart hits the centaur but does no damage.
The centaur is heavily wounded.
The centaur is engulfed in noxious fumes.
The centaur appears confused.
The jackal is engulfed in noxious fumes.
The jackal appears confused.
The centaur gestures wildly.
Unknown command.
The centaur is engulfed in noxious fumes.
The centaur unwields a +0 shortbow.
The centaur misses you.
You are too injured to fight recklessly!
The jackal bites you but does no damage.
The centaur gestures wildly.
The jackal barks!
You hit the centaur but do no damage.
The centaur is heavily wounded.
The centaur gestures wildly.
The centaur closely misses you.
The centaur hits you but does no damage.
The jackal bites the centaur.
The jackal closely misses you.
You hit the jackal. You bite the jackal.
The jackal is heavily wounded.
The centaur misses you.
The jackal bites the centaur.
The jackal completely misses itself.
The jackal bites you but does no damage.
The centaur barely misses you.
You hit the jackal.
You kill the jackal!
The centaur hits you.
* * * LOW HITPOINT WARNING * * *
Damage: 5 (max 13) Unknown command.
You hit the centaur but do no damage.
The centaur is severely wounded.
The centaur misses you. The centaur hits you!
* * * LOW HITPOINT WARNING * * *
The jackal barely misses you.
Damage: 8 (max 13)
The centaur gestures wildly.
The centaur mumbles something.
Unknown command.
You hit the centaur but do no damage.
The centaur is heavily wounded.
The centaur misses you. The jackal completely misses you. The centaur hits you!
You die...

.# #.## .# # ##+## .#
#. ##..(## .# ###..##
###.....## .#
.....#.## ##........##
.#
......$.###..8.......#
..
.../........_........+
##
###.#(..###..8c......#
##..# ##h@......##
##.# #.......## #.#
####...## =.# ##+##
.## . #.


You could see a centaur (confused) and a jackal (confused).

Vanquished Creatures
  Sigmund (D:2)
  An ogre (D:5)
  A centaur (D:5)
  A scorpion (D:3)
  2 howler monkeys
  A bullfrog zombie (D:5)
  A hound (D:3)
  A jelly (D:5)
  An iguana (D:4)
  An orc wizard (D:5)
  2 worker ants
  4 gnolls
  2 adders
  A shadow imp (D:5)
  2 oozes
  2 adder skeletons
  An adder zombie (D:2)
  2 worms
  A dart slug (D:1)
  2 leopard geckos
  3 orcs
  A ball python (D:3)
  6 bats
  A bat zombie (D:2)
  3 giant cockroaches
  6 goblins
  6 hobgoblins
  8 jackals
  2 quokkas
  A ball python zombie (D:2)
  5 frilled lizards
  2 jackal skeletons (D:4)
  A jackal zombie (D:2)
  7 kobolds
  A leopard gecko skeleton (D:5)
  2 quokka zombies
  6 rats
91 creatures vanquished.

Vanquished Creatures (others)
  An orc wizard (D:5)
1 creature vanquished.

Grand Total: 92 creatures vanquished

Notes
Turn   | Place    | Note
-------+----------+-------------------------------------------
     0 | D:1      | Gorice the Gnoll Wizard began the quest for the Orb.
     0 | D:1      | Reached XP level 1. HP: 13/13 MP: 8/8
    35 | D:1      | Reached skill level 2 in Conjurations
    35 | D:1      | Reached skill level 2 in Summonings
    35 | D:1      | Reached skill level 2 in Translocations
    35 | D:1      | Reached XP level 2. HP: 19/19 MP: 3/10
   370 | D:1      | Reached XP level 3. HP: 25/25 MP: 6/11
   678 | D:2      | Learned a level 2 spell: Blink
   681 | D:2      | Learned a level 2 spell: Call Imp
   685 | D:2      | Learned a level 3 spell: Conjure Flame
   689 | D:2      | Learned a level 3 spell: Mephitic Cloud
   774 | D:2      | Noticed Sigmund
  1072 | D:2      | Found a shimmering altar of Xom.
  1074 | D:2      | Found a shimmering altar of Xom.
  1075 | D:2      | Found a shimmering altar of Xom.
  1187 | D:2      | Found a blossoming altar of Fedhas.
  1299 | D:2      | Killed Sigmund
  1299 | D:2      | Reached skill level 1 in Fighting
  1299 | D:2      | Reached skill level 1 in Short Blades
  1299 | D:2      | Reached skill level 1 in Long Blades
  1299 | D:2      | Reached skill level 1 in Axes
  1299 | D:2      | Reached skill level 1 in Maces & Flails
  1299 | D:2      | Reached skill level 1 in Polearms
  1299 | D:2      | Reached skill level 1 in Staves
  1299 | D:2      | Reached skill level 1 in Slings
  1299 | D:2      | Reached skill level 1 in Bows
  1299 | D:2      | Reached skill level 1 in Crossbows
  1299 | D:2      | Reached skill level 1 in Throwing
  1299 | D:2      | Reached skill level 1 in Armour
  1299 | D:2      | Reached skill level 1 in Shields
  1299 | D:2      | Reached skill level 1 in Unarmed Combat
  1299 | D:2      | Reached skill level 1 in Hexes
  1299 | D:2      | Reached skill level 1 in Charms
  1299 | D:2      | Reached skill level 1 in Necromancy
  1299 | D:2      | Reached skill level 1 in Transmutations
  1299 | D:2      | Reached skill level 1 in Fire Magic
  1299 | D:2      | Reached skill level 1 in Ice Magic
  1299 | D:2      | Reached skill level 1 in Air Magic
  1299 | D:2      | Reached skill level 1 in Earth Magic
  1299 | D:2      | Reached skill level 1 in Poison Magic
  1299 | D:2      | Reached skill level 1 in Invocations
  1299 | D:2      | Reached skill level 1 in Evocations
  1299 | D:2      | Reached XP level 4. HP: 32/32 MP: 0/13
  1299 | D:2      | Reached XP level 5. HP: 37/37 MP: 0/14
  1827 | D:2      | Reached XP level 6. HP: 44/44 MP: 13/16
  1849 | D:3      | Reached skill level 2 in Invocations
  2396 | D:3      | Found a bloodstained altar of Trog.
  2697 | D:3      | Reached skill level 2 in Fighting
  2697 | D:3      | Reached skill level 2 in Short Blades
  2697 | D:3      | Reached skill level 2 in Long Blades
  2697 | D:3      | Reached skill level 2 in Axes
  2697 | D:3      | Reached skill level 2 in Maces & Flails
  2697 | D:3      | Reached skill level 2 in Polearms
  2697 | D:3      | Reached skill level 2 in Staves
  2697 | D:3      | Reached skill level 2 in Slings
  2697 | D:3      | Reached skill level 2 in Bows
  2697 | D:3      | Reached skill level 2 in Crossbows
  2697 | D:3      | Reached skill level 2 in Throwing
  2697 | D:3      | Reached skill level 2 in Armour
  2697 | D:3      | Reached skill level 5 in Dodging
  2697 | D:3      | Reached skill level 2 in Shields
  2697 | D:3      | Reached skill level 2 in Unarmed Combat
  2697 | D:3      | Reached skill level 2 in Evocations
  3095 | D:3      | HP: 13/44 [jackal (3)]
  3380 | D:4      | Found a shadowy altar of Dithmenos.
  3380 | D:4      | Found a burning altar of Makhleb.
  3591 | D:4      | Reached XP level 7. HP: 32/50 MP: 5/18
  3627 | D:4      | Found an iron altar of Okawaru.
  3937 | D:5      | Entered Level 5 of the Dungeon
  4012 | D:5      | HP: 12/50 [worker ant (4)]
  4013 | D:5      | HP: 5/50 [poisoned by a worker ant]
  4258 | D:5      | Found a blossoming altar of Fedhas.
  4356 | D:5      | Found a transporter.
  4360 | D:5      | Found a transporter.
  4361 | D:5      | Noticed Goblin's ghost (novice DrAE)
  4367 | D:5      | Found a sparkling altar of Nemelex Xobeh.
  4368 | D:5      | Found a radiant altar of Vehumet.
  4383 | D:5      | Reached skill level 2 in Hexes
  4383 | D:5      | Reached skill level 2 in Charms
  4383 | D:5      | Reached skill level 2 in Necromancy
  4383 | D:5      | Reached skill level 2 in Transmutations
  4383 | D:5      | Reached skill level 2 in Fire Magic
  4383 | D:5      | Reached skill level 2 in Ice Magic
  4383 | D:5      | Reached skill level 2 in Air Magic
  4383 | D:5      | Reached skill level 2 in Earth Magic
  4383 | D:5      | Reached skill level 2 in Poison Magic
  4393 | D:5      | Reached skill level 3 in Conjurations
  4393 | D:5      | Reached skill level 3 in Summonings
  4393 | D:5      | Reached skill level 3 in Translocations
  4537 | D:5      | Found an ancient bone altar of Kikubaaqudgha.
  4537 | D:5      | Reached skill level 5 in Stealth
  4537 | D:5      | Reached skill level 3 in Invocations
  4565 | D:5      | HP: 14/51 [centaur (7)]
  4583 | D:5      | HP: 12/51 [centaur (5)]
  4585 | D:5      | HP: 5/51 [centaur (8)]
  4588 | D:5      | Slain by a centaur

Levels and vault maps discovered:
D:1:      roderic_octagonal_star, layout_loops_cross
D:2:      layout_basic, xom_redecorated, serial_undead, serial_undead_c,
          serial_undead_b, serial_undead_e, serial_undead_b, serial_undead_d,
          serial_undead_c, serial_undead_f, serial_undead_b, serial_undead_c,
          serial_undead_d, fedhas_altar_2, uniq_sigmund
D:3:      layout_loops_ring, nicolae_overflow_hidden_temple
D:4:      layout_rooms, gammafunk_temple_overflow_statue,
          okawaru_altar_gauntlet_db
D:5:      layout_loops_corners, chequers_temple_overflow_statue_of_worship,
          nicolae_overflow_crystal_walls, gammafunk_ghost_hive, first_ration,
          hangedman_feature_mirror

Skill      XL: |  1  2  3  4  5  6  7 |
---------------+----------------------+-----
Conjurations   | 2 3 |  3.1
Summonings     | 2 3 |  3.1
Translocations | 2 3 |  3.1
Fighting       | 1 2 |  2.7
Short Blades   | 1 2 |  2.7
Long Blades    | 1 2 |  2.7
Axes           | 1 2 |  2.7
Maces & Flails | 1 2 |  2.7
Polearms       | 1 2 |  2.7
Staves         | 1 2 |  2.7
Slings         | 1 2 |  2.7
Bows           | 1 2 |  2.7
Crossbows      | 1 2 |  2.7
Throwing       | 1 2 |  2.7
Armour         | 1 2 |  2.7
Shields        | 1 2 |  2.7
Unarmed Combat | 1 2 |  2.7
Hexes          | 1 2 |  2.2
Charms         | 1 2 |  2.2
Necromancy     | 1 2 |  2.2
Transmutations | 1 2 |  2.2
Fire Magic     | 1 2 |  2.2
Ice Magic      | 1 2 |  2.2
Air Magic      | 1 2 |  2.2
Earth Magic    | 1 2 |  2.2
Poison Magic   | 1 2 |  2.2
Invocations    | 1 2 3 |  3.0
Evocations     | 1 2 |  2.7
Dodging        | 5 |  5.3
Stealth        | 5 |  5.0
Spellcasting   | |  7.7

Action                   |  1- 3 |  4- 6 |  7- 9 || total
-------------------------+-------+-------+-------++-------
Melee: Club              |    25 |    23 |       ||    48
       Bite              |     3 |     5 |    10 ||    18
       Whip              |       |    64 |    85 ||   149
       Punch             |       |       |     1 ||     1
 Cast: Magic Dart        |    45 |    95 |    36 ||   176
       Mephitic Cloud    |     2 |     7 |    10 ||    19
       Conjure Flame     |     1 |       |     2 ||     3
       Blink             |       |     6 |     2 ||     8
  Use: Scroll            |     5 |     3 |     4 ||    12
       Potion            |       |       |     1 ||     1
 Stab: Confused          |       |     6 |     4 ||    10
       Sleeping          |       |     1 |     1 ||     2
  Eat: Chunk             |       |     8 |     3 ||    11
Armor: Robe              |     9 |    31 |    12 ||    52
Dodge: Dodged            |    40 |   118 |    79 ||   237

Table legend:
 A = Non-vault XP
 B = Vault XP
 C = Vault XP percentage of total XP
 D = Non-vault monster count
 E = Vault monster count
 F = Vault count percentage of total count
                 A         B        C        D         E       F
            +---------+---------+-------+---------+---------+-------
      Total |     849 |     263 |  23.7 |      78 |      14 |  15.2
            +---------+---------+-------+---------+---------+-------
        D:1 |      38 |       0 |   0.0 |      17 |       0 |   0.0
        D:2 |      40 |     246 |  86.0 |       7 |       7 |  50.0
        D:3 |     277 |       0 |   0.0 |      33 |       0 |   0.0
        D:4 |      82 |      12 |  12.8 |       6 |       6 |  50.0
        D:5 |     412 |       5 |   1.2 |      15 |       1 |   6.2
            +---------+---------+-------+---------+---------+-------

Table legend:
 A = Turns spent in this place as a percentage of turns spent in the entire game.
 B = Non-inter-level travel turns spent in this place as a percentage of non-inter-level travel turns spent in the entire game.
 C = Inter-level travel turns spent in this place as a percentage of turns spent in this place.
 D = Turns resting spent in this place as a percentage of non-inter-level travel turns spent in this place.
 E = Turns spent auto-exploring this place as a percentage of non-inter-level travel turns spent in this place.
 F = Non-inter-level travel turns spent in this place divided by the number of levels of this place that you've seen.
                   A       B       C       D       E      F
               +-------+-------+-------+-------+-------+----------------------
         Total | 100.0 | 100.0 |   2.8 |  26.3 |  39.5 | 892.2
       Dungeon | 100.0 | 100.0 |   2.8 |  26.3 |  39.5 | 892.2
               +-------+-------+-------+-------+-------+----------------------

Levels and vault maps discovered:
D:1:      roderic_octagonal_star, layout_loops_cross
D:2:      layout_basic, xom_redecorated, serial_undead, serial_undead_c,
          serial_undead_b, serial_undead_e, serial_undead_b, serial_undead_d,
          serial_undead_c, serial_undead_f, serial_undead_b, serial_undead_c,
          serial_undead_d, fedhas_altar_2, uniq_sigmund
D:3:      layout_loops_ring, nicolae_overflow_hidden_temple
D:4:      layout_rooms, gammafunk_temple_overflow_statue,
          okawaru_altar_gauntlet_db
D:5:      layout_loops_corners, chequers_temple_overflow_statue_of_worship,
          nicolae_overflow_crystal_walls, gammafunk_ghost_hive, first_ration,
          hangedman_feature_mirror
